 Dungeon Crawl Stone Soup version 0.27-a0-492-ga4bb394fd4 (webtiles) character file.

Game seed: 17780092373431585843

19 Gaff the Sneak (level 2, 0/17 HPs)
             Began as a Kobold Brigand on Mar 2, 2021.
             Slain by an adder (1 damage)
             ... on level 1 of the Dungeon.
             The game lasted 00:01:46 (962 turns).

Gaff the Sneak (Kobold Brigand)                      Turns: 962, Time: 00:01:47

Health: 0/17       AC:  4    Str:  8    XL:     2   Next: 95%
Magic:  2/2        EV: 13    Int: 12    God:
Gold:   58         SH:  0    Dex: 16    Spells: 1/1 levels left

rFire    . . .     SeeInvis .   a - +2 dagger
rCold    . . .     Faith    .   (shield restricted)
rNeg     . . .     Spirit   .   i - +0 leather armour
rPois    .         Reflect  .   (no helmet)
rElec    .         Harm     .   c - +0 cloak
rCorr    .         Rampage  .   (no gloves)
Will     .....                  (no boots)
Stlth    ++++......             (no amulet)
HPRegen  0.05/turn              (no ring)
MPRegen  0.08/turn              (no ring)

@: lethally poisoned (0 -> -4)
A: small, nightstalker 3
a: no special abilities


You were on level 1 of the Dungeon.
You visited 1 branch of the dungeon, and saw 2 of its levels.

You collected 58 gold pieces.

Inventory:

Hand Weapons
 a - a +2 dagger (weapon)
Missiles
 d - 8 poisoned darts (quivered)
 e - 2 curare-tipped darts
Armour
 b - a +0 robe
 c - a +0 cloak (worn)
 i - a +0 leather armour (worn)
Scrolls
 f - a scroll of identify {unknown}
 g - a scroll of teleportation {unknown}
 h - a scroll of amnesia {unknown}
 j - a scroll of magic mapping {unknown}


   Skills:
 + Level 2.1 Fighting
 + Level 3.1 Short Blades
 + Level 2.5 Throwing
 + Level 1.2 Dodging
 + Level 6.0 Stealth


You had one spell level left.
You didn't know any spells.
Your spell library was empty.

Dungeon Overview and Level Annotations

Branches:
Dungeon (2/15)

Altars:


Innate Abilities, Weirdness & Mutations

You are small and have problems with some larger weapons.
You are completely attuned to the shadows.


Message History

The adder closely misses you.
You closely miss the adder.
The adder is lightly wounded.
You feel sick. The adder barely misses you. The dart slug bites you.
The adder misses you. The adder bites you.
You are more poisoned.
The adder poisons you!
You feel sick.
There is a stone staircase leading up here.
The adder closely misses you.
The dart slug bites you but does no damage.
The adder barely misses you.
You climb upwards.
You feel sick.
There is a stone staircase leading down here.
You feel sick. The adder bites you.
* * * LOW HITPOINT WARNING * * *
There is an open door here.
* * * LOW HITPOINT WARNING * * *
You feel sick. The adder misses you.
You aren't carrying any potions.
You closely miss the adder. The adder barely misses you.
You barely miss the adder. The adder bites you.
* * * LOW HITPOINT WARNING * * *
You hit the adder.
The adder is lightly wounded.
The adder misses you.
You miss the adder.
The adder is lightly wounded.
* * * LOW HITPOINT WARNING * * *
You feel sick. The adder closely misses you.
You barely miss the adder.
The adder is lightly wounded.
The adder barely misses you. x2
You miss the adder.
The adder is lightly wounded.
The adder bites you.
You die...

....#
#...........##..........#
###.#
#...........['..........#
#.##
#..........###..........#
#..# #.....>....#
#..........# ##.#
#..........# #..........#
####.###..........#
#..........#
............).....#
############
####....#####.#S#### #
####.# #.#.@..# # #.#
#.####.# #### #.# #.# #.#
######### ...# #.# #.#
#.# #........ ##.# #.#
#.# #.# #.####### #.# #.#
#.####.# #.# #.# #.#
#......# #.# #.# #.#
######## #.# ##.#
#.############# #.#


You could see an adder.

Vanquished Creatures
  3 leopard geckos (D:1)
  4 giant cockroaches (D:1)
  A goblin (D:1)
  2 hobgoblins (D:1)
  2 kobolds (D:1)
  A bat (D:1)
  A frilled lizard (D:1)
14 creatures vanquished.

Notes
Turn   | Place    | Note
-------+----------+-------------------------------------------
     0 | D:1      | Gaff the Kobold Brigand began the quest for the Orb.
     0 | D:1      | Reached XP level 1. HP: 12/12 MP: 1/1
   157 | D:1      | Reached XP level 2. HP: 14/17 MP: 2/2
   667 | D:1      | Reached skill level 6 in Stealth
   962 | D:1      | Slain by an adder

Illustrated notes

Levels and vault maps discovered:
D:1:      giann_bridges, layout_basic, lemuel_flame_loot_1
D:2:      minmay_recursive_quarters, layout_rooms, nicolae_gozag_seed_capital

Skill      XL: |  1  2 |
---------------+-------+-----
Short Blades   | 3 |  3.1
Stealth        | 6 |  6.0
Fighting       | |  2.1
Throwing       | |  2.5
Dodging        | |  1.2

Action                   || total
-------------------------++-------
Melee: Dagger            ||    44
 Stab: Sleeping          ||    10
Armor: Robe              ||     2
       Leather armour    ||     2
Dodge: Dodged            ||    31

Table legend: (Time is in decaauts)
 A = Elapsed time spent in this place.
 B = Non-inter-level travel time spent in this place.
 C = Inter-level travel time spent in this place.
 D = Time resting spent in this place.
 E = Time spent auto-exploring this place.
 F = Levels seen in this place.
 G = Mean time per level.
                   A        B        C        D        E       F      G
               +--------+--------+--------+--------+--------+-----+--------+
         Total |    960 |    930 |     30 |      0 |    742 |   2 |  480.0 |
       Dungeon |    960 |    930 |     30 |      0 |    742 |   2 |  480.0 |
               +--------+--------+--------+--------+--------+-----+--------+

Top non-repeatable levels by time:
     D:1: 948 daAuts
     D:2: 12 daAuts
